 Dungeon Crawl Stone Soup version 0.30-a0-627-gc11e7ae810 (webtiles) character file.

Game seed: 9398143688858323329

11832 Decipherer the Basher (level 11, -4/148 HPs)
             Began as a Minotaur Berserker on Jan 12, 2023.
             Was an Elder of Trog.
             Slain by Rupert
             ... wielding a +3 heavy battleaxe
              (36 damage)
             ... on level 12 of the Dungeon.
             The game lasted 00:12:34 (10082 turns).

Decipherer the Basher (Minotaur Berserker)         Turns: 10082, Time: 00:12:35

Health: -4/148     AC: 19    Str: 23    XL:     11   Next: 54%
Magic:  10/10      EV: 12    Int:  4    God:    Trog [****..]
Gold:   479        SH: 16    Dex: 19    Spells: 10/10 levels left

rFire   . . .      SeeInvis .    H - +2 flail
rCold   . . .      Faith    .    G - +0 tower shield
rNeg    . . .      Spirit   .    E - +3 scale mail {Will+}
rPois   .          Reflect  .    p - +2 hat
rElec   .          Harm     .    u - +1 cloak
rCorr   .          Rampage  .    (no gloves)
Will    ++...                    D - +2 pair of boots Stlth
                                 (no amulet)
HPRegen 0.44/turn                I - +6 ring of dexterity
MPRegen 0.12/turn                N - ring of willpower

@: berserking, spiked, very quick
A: horns 2, retaliatory headbutt
a: Renounce Religion, Berserk, Trog's Hand, Brothers in Arms


You were on level 12 of the Dungeon.
You worshipped Trog.
Trog was greatly pleased with you.
You visited 3 branches of the dungeon, and saw 14 of its levels.
You also visited: Ossuary.

You collected 883 gold pieces.
You spent 404 gold pieces at shops.

Inventory:

Hand Weapons
 H - a +2 flail (weapon)
Missiles
 i - 19 poisoned darts
 m - 13 boomerangs
 w - 3 javelins
 M - 2 curare-tipped darts
Armour
 p - a +2 hat (worn)
 u - a +1 cloak (worn)
 D - a +2 pair of boots (worn)
 E - a +3 scale mail of willpower (worn)
 G - a +0 tower shield (worn)
Jewellery
 I - a +6 ring of dexterity (left hand)
 N - a ring of willpower (right hand)
 Q - a ring of protection from cold
Wands
 a - a wand of flame (16)
 e - a wand of mindburst (19)
 F - a wand of roots (15)
 S - a wand of polymorph (6)
Scrolls
 b - a scroll of magic mapping {unknown}
 c - 2 scrolls of butterflies {unknown}
 f - 4 scrolls of fear
 h - 7 scrolls of enchant weapon
 v - 2 scrolls of vulnerability {unknown}
 x - 7 scrolls of identify
 y - 3 scrolls of torment {unknown}
 B - a scroll of enchant armour {unknown}
 C - 3 scrolls of teleportation
 K - a scroll of blinking {unknown}
 L - 2 scrolls of amnesia {unknown}
 O - 2 scrolls of silence {unknown}
Potions
 d - 4 potions of might
 g - a potion of invisibility
 j - 5 potions of curing
 k - 2 potions of lignification {unknown}
 l - 2 potions of cancellation
 n - a potion of flight {unknown}
 o - 2 potions of resistance {unknown}
 q - 6 potions of brilliance
 r - 3 potions of heal wounds {unknown}
 s - 3 potions of haste {unknown}
 t - a potion of mutation {unknown}
 z - 2 potions of attraction {unknown}
 A - 2 potions of degeneration {unknown}
 J - a potion of berserk rage {unknown}
 R - a potion of magic {unknown}
Miscellaneous
 P - a phantom mirror


   Skills:
 + Level 9.7 Fighting
 + Level 14.2 Maces & Flails
 + Level 8.5 Armour
 + Level 8.5 Dodging
 + Level 2.5 Stealth
 + Level 7.5 Shields


You had 10 spell levels left.
You didn't know any spells.
Your spell library contained the following spells:

 Spells                   Type           Power      Damage    Failure   Level
 Sting                    Tmut/Pois      0%         1d3       100%        1
 Poisonous Vapours        Pois/Air       0%         N/A       100%        2
 Static Discharge         Conj/Air       0%         2-2/arc   100%        2
 Vhi's Electric Charge    Tloc/Air       0%         N/A       100%        3
 Olgreb's Toxic Radiance  Pois           0%         N/A       100%        4
 Arcjolt                  Conj/Air       0%         1d10      100%        5
 Fireball                 Conj/Fire      0%         3d3       100%        5
 Iskenderun's Battlesphe  Conj           0%         2d6       100%        5
 Lightning Bolt           Conj/Air       0%         1d11      100%        5
 Conjure Ball Lightning   Conj/Air       0%         3x3d6     100%        6
 Orb of Destruction       Conj           0%         9d5       100%        7


Dungeon Overview and Level Annotations

Branches:
Dungeon (12/15)            Temple (1/1) D:4            Lair (0/5) D:11
    Orc (1/2) D:9         Ossuary (visited)

Altars:
Ashenzari
Elyvilon
Hepliaklqana
Nemelex Xobeh
Sif Muna
Trog
Vehumet
Wu Jian
Xom
Yredelemnul

Shops:
D:1 (   D:4 *   D:6 [   D:7 (   D:8 [   D:9 (   D:10 (

Annotations:
D:12 Rupert


Innate Abilities, Weirdness & Mutations

You have a pair of horns on your head.
You reflexively headbutt those who attack you in melee.


Message History

Okay, then.
There are monsters nearby!
The barbs in your skin will harm you if you move.
Continue?
Okay, then.
The barbs in your skin will harm you if you move.
Continue? [Y]es or [N]o only, please.
The barbs in your skin will harm you if you move.
Continue?
Okay, then.
The manticore flicks its tail.
The volley of spikes hits you.
The barbed spikes become lodged in your body.
The manticore flicks its tail.
The volley of spikes hits you but does no damage.
Rupert roars wildly at you. You resist with almost no effort.
The manticore flicks its tail.
You block the volley of spikes.
Rupert roars madly and goes into a rage!
Rupert goes berserk!
The manticore flicks its tail.
The volley of spikes hits you!
The barbed spikes become lodged in your body.
A red film seems to cover your vision as you go berserk!
You feel yourself moving faster!
You feel mighty!
Rupert hits you with a +3 heavy battleaxe!!
The manticore flicks its tail.
You block the volley of spikes.
You sock Rupert! You headbutt Rupert.
Rupert is lightly wounded.
Rupert hits you with a +3 heavy battleaxe!!
You barely miss Rupert.
Rupert is lightly wounded.
Rupert hits you with a +3 heavy battleaxe!!
* * * LOW HITPOINT WARNING * * *
You barely miss Rupert. You headbutt Rupert!
Rupert is lightly wounded.
You sock Rupert! You headbutt Rupert!
Rupert is moderately wounded.
Rupert hits you with a +3 heavy battleaxe!!!
You die...

## .# # #####.### #####
#.#.......#
..<.########.#.#...# #
...........#.......#.##
....######.###...#.....
..<.# #.#.......# ....#
#.#.#..@..#
##########'#.###H@......
..##....................
..##........#####.......
..##...(........+.......
..##........#####.......
§§##........# ...[...
≈§##........# .......
§§###########


You could see Rupert (berserk) and a manticore.

Vanquished Creatures
  2 hydras
  Erica (D:9)
  A dancing weapon (D:11)
  2 two-headed ogres
  The ghost of mojasp the Covert, a journeyman KoBr of Uskayaw (D:11)
  Pikel (D:6)
  An ugly thing (D:12)
  A cyclops (D:11)
  A gargoyle (D:11)
  2 komodo dragons
  Prince Ribbit (D:8)
  Sigmund (D:5)
  2 vampires
  3 yaks (D:11)
  A wyvern (D:9)
  2 steam dragons
  3 vampire mosquitoes (D:11)
  Menkaure (D:5)
  An acid dragon (D:8)
  A water moccasin (D:8)
  Duvessa (D:7)
  A black bear (D:8)
  2 ice beasts
  5 orc warriors
  An ogre (D:5)
  2 phantoms
  4 centaurs
  A lemure (D:7)
  2 kobold brigands (D:10)
  Blork the orc (D:5)
  A necrophage (D:5)
  2 bullfrogs
  2 scorpions (D:6)
  10 wights
  Dowan (D:7)
  2 howler monkeys (D:10)
  A hound (D:6)
  2 jellies (D:6)
  5 orc priests
  Crazy Yiuf (D:7)
  A gnoll bouda (D:8)
  2 iguanas
  7 orc wizards
  8 mummies (Ossuary)
  9 gnolls
  12 adders
  2 white imps
  An ufetubus (D:6)
  An adder zombie (D:3)
  3 worms
  A dart slug (D:2)
  25 orcs
  5 bats
  9 endoplasms
  2 giant cockroaches
  8 goblins
  8 hobgoblins
  4 jackals (D:3)
  2 quokkas
  8 ball pythons
  2 ball python zombies (D:3)
  4 frilled lizards
  A gnoll zombie (Ossuary)
  4 hobgoblin zombies (Ossuary)
  16 kobolds
  2 kobold zombies (Ossuary)
  An orc zombie (Ossuary)
  4 rats
228 creatures vanquished.

Vanquished Creatures (others)
  5 plants (D:11)
5 creatures vanquished.

Grand Total: 233 creatures vanquished

Notes
Turn   | Place    | Note
-------+----------+-------------------------------------------
     0 | D:1      | Decipherer the Minotaur Berserker began the quest for the
                  | Orb.
     0 | D:1      | Reached XP level 1. HP: 19/19 MP: 0/0
   172 | D:1      | You fall into a shaft and drop 1 floor!
   224 | D:2      | Reached skill level 4 in Maces & Flails
   224 | D:2      | Reached XP level 2. HP: 14/27 MP: 1/1
   350 | D:1      | Found Latwerghi's Weapon Shoppe.
   928 | D:2      | Reached XP level 3. HP: 33/33 MP: 2/2
  1122 | D:2      | Reached ** piety under Trog
  1461 | D:3      | Reached skill level 5 in Maces & Flails
  1461 | D:3      | Reached XP level 4. HP: 41/41 MP: 3/3
  1622 | D:3      | Found a radiant altar of Vehumet.
  1809 | D:3      | Found a basalt altar of Yredelemnul.
  2211 | D:4      | Found a staircase to the Ecumenical Temple.
  2216 | Temple   | Entered the Ecumenical Temple
  2274 | D:4      | Noticed a rust devil
  2291 | D:4      | Reached XP level 5. HP: 47/47 MP: 4/4
  2367 | D:4      | Noticed an angel
  2510 | D:4      | Found Ucuonwi's General Store.
  2521 | D:4      | Bought a scroll of teleportation for 42 gold pieces
  2604 | D:5      | Entered Level 5 of the Dungeon
  2606 | D:5      | Noticed Blork the orc
  2614 | D:5      | Killed Blork the orc
  2615 | D:5      | Reached skill level 6 in Maces & Flails
  2615 | D:5      | Reached skill level 1 in Stealth
  2658 | D:5      | Noticed an ogre
  2666 | D:5      | Killed an ogre
  2667 | D:5      | Reached XP level 6. HP: 55/55 MP: 5/5
  2703 | D:5      | Noticed Sigmund
  2706 | D:5      | Found a sand-covered staircase.
  2716 | Ossuary  | Entered an ossuary
  2741 | Ossuary  | Reached *** piety under Trog
  2758 | Ossuary  | Reached skill level 7 in Maces & Flails
  2891 | Ossuary  | Reached skill level 5 in Fighting
  3119 | D:5      | Killed Sigmund
  3120 | D:5      | Reached XP level 7. HP: 61/61 MP: 6/6
  3185 | D:5      | Noticed Menkaure
  3191 | D:5      | Killed Menkaure
  3192 | D:5      | Reached skill level 8 in Maces & Flails
  3481 | D:5      | HP: 2/62 [iguana (8)]
  3797 | D:6      | Found Honuisept's Antique Armour Emporium.
  3890 | D:6      | Bought a pair of glowing boots for 187 gold pieces
  3900 | D:6      | Bought a shiny scale mail for 175 gold pieces
  3932 | D:6      | Reached skill level 9 in Maces & Flails
  3932 | D:6      | Reached XP level 8. HP: 66/70 MP: 7/7
  3976 | D:6      | Reached skill level 5 in Dodging
  4753 | D:7      | Noticed Duvessa
  4753 | D:7      | Noticed Dowan
  4755 | D:7      | Noticed Pikel
  4775 | D:6      | Killed Pikel
  4776 | D:6      | Reached skill level 10 in Maces & Flails
  4776 | D:6      | Reached XP level 9. HP: 74/79 MP: 8/8
  4782 | D:7      | Killed Duvessa
  4789 | D:7      | Killed Dowan
  4995 | D:7      | Found Neoliudy's Antique Weapon Boutique.
  5020 | D:7      | Reached skill level 11 in Maces & Flails
  5024 | D:7      | Found a sparkling altar of Nemelex Xobeh.
  5285 | D:7      | Found a white marble altar of Elyvilon.
  5381 | D:7      | Found a runed translucent door.
  5382 | D:7      | Noticed Crazy Yiuf
  5493 | D:7      | Killed Crazy Yiuf
  5637 | D:8      | Reached skill level 5 in Armour
  5815 | D:8      | Reached skill level 12 in Maces & Flails
  6072 | D:8      | Reached **** piety under Trog
  6199 | D:8      | Found Zoqoanin's Superior Scales.
  6331 | D:8      | Noticed Prince Ribbit
  6340 | D:8      | Killed Prince Ribbit
  6341 | D:8      | Reached XP level 10. HP: 77/89 MP: 9/9
  6519 | D:8      | Noticed a two-headed ogre
  6528 | D:8      | Killed a two-headed ogre
  6529 | D:8      | Reached skill level 1 in Shields
  6766 | D:9      | Found a staircase to the Orcish Mines.
  6805 | D:9      | Noticed Erica
  6977 | D:9      | Found an ornate altar of the Wu Jian Council.
  7121 | D:9      | Reached skill level 13 in Maces & Flails
  7228 | D:9      | Killed Erica
  7414 | D:9      | Found Leugiez's Weapon Emporium.
  7573 | Orc:1    | Entered Level 1 of the Orcish Mines
  7592 | D:10     | Entered Level 10 of the Dungeon
  7620 | D:10     | Noticed a two-headed ogre
  7632 | D:10     | Killed a two-headed ogre
  7635 | D:10     | Reached skill level 5 in Shields
  7748 | D:10     | Found a hazy altar of Hepliaklqana.
  8094 | D:10     | Found Taannaw's Firing Range.
  8239 | D:11     | Found a staircase to the Lair.
  8440 | D:11     | Found a runed translucent door.
  8441 | D:11     | Found a shimmering altar of Xom.
  8441 | D:11     | Noticed mojasp's ghost (journeyman KoBr)
  8442 | D:11     | Noticed a +2 scimitar of chaos
  8525 | D:11     | Killed a +2 scimitar of chaos
  8526 | D:11     | Reached XP level 11. HP: 97/97 MP: 10/10
  8537 | D:11     | Killed mojasp's ghost
  8977 | D:11     | Reached skill level 14 in Maces & Flails
  8990 | D:11     | Noticed a seven-headed hydra
  8998 | D:11     | Killed a seven-headed hydra
  9683 | D:12     | Noticed a white ugly thing
  9696 | D:12     | Killed a white ugly thing
  9885 | D:12     | Noticed a five-headed hydra
  9896 | D:12     | Killed a five-headed hydra
 10071 | D:12     | Noticed Rupert
 10082 | D:12     | Slain by Rupert

Illustrated notes

Levels and vault maps discovered:
D:1:      evilmike_arrival_fibonacci_small, layout_loops_ring, serial_shops,
          nicolae_shop_hallway_stairs
D:2:      layout_basic, chequers_serial_rivers_room_b, kennysheep_minor_cross,
          nicolae_concentric_dashed_squares_wild
D:3:      layout_loops_ring, mainiacjoe_overflow_small_starburst,
          nicolae_yredelemnul_corpse_copse
D:4:      layout_rooms, temple_garden, serial_shops, nicolae_square_shop
D:5:      layout_gridville, chequers_ossuary_entry_cave, uniq_menkaure,
          uniq_sigmund, uniq_blork_the_orc
D:6:      minmay_klotski, layout_basic, serial_shops, nicolae_shop_crystal,
          hangedman_abyss_or_decor_lesser_grid
D:7:      layout_loops_ring, elyvilon_altar_5, lemuel_crystal_altar,
          kennysheep_small_square, uniq_crazy_yiuf_cottage, uniq_pikel,
          uniq_duvessa
D:8:      layout_loops_corners, hellmonk_scale_shop, uniq_prince_ribbit1
D:9:      layout_rooms, nicolae_wu_jian_wuxing_cycle, orc_0_dummy, serial_shops,
          nicolae_shop_trees, uniq_erica
D:10:     layout_loops_ring, nzn_hepliaklqana_mist_gate,
          nicolae_shop_firing_range
D:11:     kennysheep_spiral_hall, layout_stronghold, david_lair_shrubbed,
          ebering_ghost_xom
D:12:     layout_basic, minmay_misc_feat_diagonals, corexii_checkpoint_a,
          chequers_serial_rivers_room_b, uniq_rupert
Temple:   kb_temple_of_zot
Orc:1:    layout_caves, mines5_lemuel

Skill      XL: |  1  2  3  4  5  6  7  8  9 10 11 |
---------------+----------------------------------+-----
Fighting       | 4 5 6 7 8 9 |  9.7
Maces & Flails | 4 5 6 7 9 10 12 13 14 | 14.2
Dodging        | 3 4 6 7 8 |  8.5
Stealth        | 1 2 |  2.5
Armour         | 3 5 7 8 |  8.5
Shields        | 6 7 |  7.5

Action                   |  1- 3 |  4- 6 |  7- 9 | 10-12 || total
-------------------------+-------+-------+-------+-------++-------
Melee: Mace              |    76 |   137 |    95 |       ||   308
       Headbutt          |    12 |    24 |    46 |    57 ||   139
       Punch             |     1 |     1 |     1 |       ||     3
       Flail             |       |       |   153 |   249 ||   402
Invok: Berserk           |       |     4 |     3 |     7 ||    14
       Trog's Hand       |       |       |       |     1 ||     1
  Use: Scroll            |       |     4 |     3 |     1 ||     8
       Potion            |       |       |     3 |     3 ||     6
 Stab: Sleeping          |     2 |     1 |       |       ||     3
Armor: Animal skin       |    17 |    42 |     7 |       ||    66
       Scale mail        |       |       |    96 |   132 ||   228
Dodge: Dodged            |    60 |    72 |   168 |   116 ||   416
Block: Buckler           |       |       |    13 |       ||    13
       Tower shield      |       |       |     2 |   237 ||   239

Table legend: (Time is in decaauts)
 A = Elapsed time spent in this place.
 B = Non-inter-level travel time spent in this place.
 C = Inter-level travel time spent in this place.
 D = Time resting spent in this place.
 E = Time spent auto-exploring this place.
 F = Levels seen in this place.
 G = Mean time per level.
                   A        B        C        D        E       F      G
               +--------+--------+--------+--------+--------+-----+--------+
         Total |  10219 |   9899 |    320 |      0 |   8208 |  15 |  681.3 |
       Dungeon |   9810 |   9490 |    320 |      0 |   7889 |  12 |  817.5 |
        Temple |      1 |      1 |      0 |      0 |      0 |   1 |    1.0 |
  Orcish Mines |      1 |      1 |      0 |      0 |      0 |   1 |    1.0 |
       Ossuary |    405 |    405 |      0 |      0 |    319 |   1 |  405.0 |
               +--------+--------+--------+--------+--------+-----+--------+

Top non-repeatable levels by time:
    D:11: 1617 daAuts
     D:8: 1192 daAuts
     D:6: 971 daAuts
     D:9: 849 daAuts
     D:5: 844 daAuts
     D:1: 805 daAuts
     D:7: 803 daAuts
     D:3: 739 daAuts
     D:2: 690 daAuts
    D:10: 649 daAuts
 Ossuary: 405 daAuts
     D:4: 392 daAuts
    D:12: 253 daAuts
  Temple: 1 daAuts
   Orc:1: 1 daAuts
